cohdb
Replays
Latest Replays
All Replays
Popular Replays
Top Player Replays
Match Explorer
How It Works
Community
CoH3 Stats
Reddit
Sign in to upload your games and track your stats! →
Sign in with Steam
American Vs Coastal Defense And DAK
Match 15804476
Overview
Messages
Build Orders
End
Engineer Squad
Construct Barracks
Selects Armored Battlegroup
Selects Fast Deploy
1⁄4-ton 4x4 Truck
Selects Veteran Crews
Riflemen Squad
Air Support Center
Riflemen Squad
Construct Motor Pool
Riflemen Squad
P-47 Dive Bomb
M8 Greyhound Armored Car
Construct Medical Station
Selects M8 Scott SPG
M24 Chaffee Light Tank
P-47 Dive Bomb
Grenade Package
M1918 Browning Automatic Rifles
M8 Scott SPG
Riflemen Squad
P-47 Dive Bomb
Selects M31 Recovery Vehicle
M8 Scott SPG
M31 Recovery Vehicle
Riflemen Squad
P-47 Dive Bomb
M31 Recovery Vehicle
Selects M4A3E8 Sherman Combat Group
M4A3E8 Sherman Combat Group
P-47 Dive Bomb
M4A3E8 Sherman Combat Group
P-47 Dive Bomb
Selects War Machine
M8 Scott SPG
P-47 Dive Bomb
P-47 Dive Bomb
M4A3E8 Sherman Combat Group
M4A3E8 Sherman Combat Group
P-47 Dive Bomb
P-47 Dive Bomb
Instructor
Neal
PHNX_samurai
c3o397
General Armquist
tiestriker88
Jason
KENG789
0
0
Comments
sign in to comment!
No comments posted yet!